 Dungeon Sprint DCSS version 0.30-a0-4-ga7cffc901d (webtiles) character file.

Game seed: 7057878934952300131

1365 enile the Fighter (level 8, -3/68 HPs)
             Began as a Djinni Wanderer on Aug 21, 2022.
             Was a Believer of Uskayaw.
             Killed from afar by an air elemental (6 damage)
             ... with a stunning burst
             ... in the Dungeon (Sprint V: "Ziggurat Sprint").
             The game lasted 00:04:57 (232 turns).

enile the Fighter (Djinni Wanderer)                  Turns: 232, Time: 00:04:58

Health: -3/68      AC:  5    Str: 11    XL:     8   Next: 97%
Gold:   0          EV: 11    Int: 20    God:    Uskayaw [**....] SH:  0 Dex: 19

rFire   + + +      SeeInvis +    z - +9 heavy crossbow "Sniper" {vorpal, Acc+∞ SInv}
rCold   + . .      Faith    .    (shield currently unavailable)
rNeg    + + .      Spirit   .    E - +1 robe {rN+}
rPois   ∞          Reflect  .    (no helmet)
rElec   +          Harm     .    k - +1 cloak of the Other Side {Rampage rN+ Int-2 Dex+6}
rCorr   +          Rampage  +    (no gloves)
Will    .....      NoTele   +    (boots unavailable)
Stlth   ++........               (no amulet)
HPRegen 0.21/turn                C - ring of protection from cold
MPRegen 0.00/turn                r - +6 ring of intelligence

@: resistant, flying
A: sickness immunity, fire resistance 2, cold vulnerability 1, float, innate
caster, HP casting, extra vitality 1
a: Renounce Religion, Stomp, Line Pass


You were in the Dungeon.
You worshipped Uskayaw.
Uskayaw was noncommittal.
You visited 1 branch

Inventory:

Hand Weapons
 a - a +0 short sword
 z - the +9 heavy crossbow "Sniper" (weapon) {vorpal, Acc+∞ SInv}
   (You found it in the Dungeon)

   Any ammunition fired from it inflicts extra damage upon your enemies.
   Any ammunition fired from it never misses its target.
   SInv:      It lets you see invisible.
 A - the +7 great mace "Firestarter" {inner flame, rF++}
   (You found it in the Dungeon)

   It burns those it strikes, dealing additional fire damage.
   It fills those it strikes with an explosive inner flame.
   It grants immunity to clouds of flame.
   rF:        It greatly protects you from fire.
Armour
 b - a +0 ring mail
 k - the +1 cloak of the Other Side (worn) {Rampage rN+ Int-2 Dex+6}
   (You found it in the Dungeon)

   Int:       It affects your intelligence (-2).
   Dex:       It affects your dexterity (+6).
   rN:        It protects you from negative energy.
   Rampage:   It bestows one free step when moving towards enemies.
 B - +5 gold dragon scales
 E - a +1 robe of positive energy (worn)
Magical Staves
 F - a staff of earth
Jewellery
 p - a +6 ring of dexterity
 q - a +6 ring of dexterity
 r - a +6 ring of intelligence (right hand)
 s - a +6 ring of intelligence
 t - a +6 ring of strength
 u - a +6 ring of strength
 C - a ring of protection from cold (left hand)
Wands
 v - a wand of mindburst (7)
 w - a wand of iceblast (7)
 x - a wand of quicksilver (1)
Scrolls
 m - 4 scrolls of butterflies
 n - 5 scrolls of identify
 o - 2 scrolls of fear
 D - a scroll of brand weapon
Potions
 c - 8 potions of heal wounds
 d - 10 potions of curing
 e - 6 potions of haste
 f - 3 potions of berserk rage
 h - 2 potions of brilliance
 i - 2 potions of invisibility
 j - 3 potions of resistance
 l - 5 potions of might
Miscellaneous
 y - a lightning rod (1/4)


   Skills:
 - Level 10.0 Fighting
 - Level 5.9 Short Blades
 - Level 5.6 Armour
 + Level 8.2 Spellcasting
 - Level 5.4 Invocations
 - Level 7.6 Evocations


You had 10 spell levels left.
You knew the following spells:

 Your Spells              Type           Power      Damage    Failure   Level
a - Summon Small Mammal   Summ           100%       N/A       1%          1
b - Call Imp              Summ           41%        N/A       1%          2
c - Animate Armour        Summ/Erth      82%        N/A       2%          4
d - Sting                 Tmut/Pois      100%       1d8       1%          1
e - Ensorcelled Hibernat  Hex/Ice        82%        N/A       1%          2
f - Frozen Ramparts       Ice            82%        1d13      1%          3

Your spell library contained the following spells:

 Spells                   Type           Power      Damage    Failure   Level


Dungeon Overview and Level Annotations

Branches:
Dungeon (1/1)

Altars:
Ashenzari
Cheibriados
Dithmenos
Elyvilon
Fedhas
Gozag
Hepliaklqana
Makhleb
Nemelex Xobeh
Okawaru
Qazlal
Ru
Trog
Uskayaw
Wu Jian
Xom
Yredelemnul
Zin
The Shining One
Jiyva
Lugonu

Annotations:
D 1 transporter


Innate Abilities, Weirdness & Mutations

You are immune to sickness and miasma.
You are immune to poison.
Your flesh is very heat resistant. (rF++)
You are vulnerable to cold. (rC-)
You float through the air rather than walking.
You learn spells naturally, not from books.
Your magical power is your life essence.
You have superior vitality. (+4 MHP)


Message History

The stunning burst hits the air elemental.
The air elemental completely resists.
The stunning burst hits the air elemental.
The air elemental completely resists.
The stunning burst hits you. You resist.
The air elemental hits you but does no damage.
Okay, then.
Okay, then.
Okay, then.
You stomp with the beat, sending a shockwave through the revellers around you!
The air elemental is moderately damaged. x2
You can no longer pass through a line of other dancers.
The air elemental hits you.
The air elemental hits you but does no damage.
The air elemental fires a burst of electricity at you.
The stunning burst hits you. You resist.
You suddenly lose the ability to move!
The air elemental hits you.
The air elemental fires a burst of electricity at you.
The stunning burst hits the air elemental.
The air elemental completely resists.
The stunning burst hits the air elemental.
The air elemental completely resists.
The stunning burst hits you. You resist. The air elemental hits you!
* * * LOW HITPOINT WARNING * * *
The air elemental hits you but does no damage.
The air elemental fires a burst of electricity at you.
The stunning burst hits you! You resist.
* * * LOW HITPOINT WARNING * * *
You can move again.
You can now pass through a line of other dancers.
Okay, then.
Press: ? - help, v - describe, . - travel, g - get item Item here: the +4 rapier of the Kidney {chaos, rElec rF+}.
The floor.
Unknown command.
Blink to where?
Press: ? - help, Dir - move target
As you read the scroll of blinking, it crumbles to dust.
The air elemental fires a burst of electricity at you.
The stunning burst hits you. You resist.
You shrug off the repeated paralysis!
You die...

▓.8©8.▓.8©8.▓.8©8.▓
▓..[..▓.)...▓.....▓
▓..|..▓.....▓...).▓
▓.....▓.....▓.b)..▓
▓.....▓.....▓...).▓
▓.††..▓.....▓..©..▓
▓..©..▓..©..▓▓▓▓▓▓▓
▓▓▓▓▓▓▓▓▓▓▓▓▓▓▓▓▓▓▓
▓..8©8...▓..8@8...▓
▓..)||...▓..)))...▓
▓..bbbb..▓..).!...▓
▓....bDb.▓...E....▓
▓...bb...▓...E....▓
▓........▓.▓EEE.▓.▓
▓...©....▓...§....▓
▓▓▓▓▓▓▓▓▓▓▓▓▓▓▓▓▓▓▓


You could see 5 air elementals.

Vanquished Creatures
  A deep elf knight (D)
  A deep elf archer (D)
  A small abomination (D)
  A bullfrog (D)
  A crimson imp (D)
  An iguana (D)
  2 mummies (D)
  A white imp (D)
  A jackal (D)
  A giant cockroach zombie (D)
11 creatures vanquished.

Vanquished Creatures (collateral kills)
  An iguana (D)
1 creature vanquished.

Grand Total: 12 creatures vanquished

Notes
Turn   | Place    | Note
-------+----------+-------------------------------------------
     0 | D        | enile the Djinni Wanderer began the quest for the Orb.
     0 | D        | enile set off with the following items: a +0 short sword, a
                  | +0 ring mail, 2 potions of heal wounds, a potion of curing,
                  | a potion of haste, a potion of berserk rage, a scroll of
                  | blinkingthe following spells memorised: Summon Small
                  | Mammal, Call Imp, Animate Armour.
     0 | D        | Reached XP level 1. HP: 17/17 MP: 0/0
     0 | D        | Found a sacrificial altar of Ru.
     0 | D        | Found a bloodstained altar of Trog.
     0 | D        | Found a stormy altar of Qazlal.
     0 | D        | Found an iron altar of Okawaru.
     0 | D        | Found a sparkling altar of Nemelex Xobeh.
     0 | D        | Found a blossoming altar of Fedhas.
     0 | D        | Found the +6 Majin-Bo {vamp, MP+6 Int+6}
     0 | D        | Found the +9 heavy crossbow "Sniper" {vorpal, Acc+∞ SInv}
     0 | D        | Found the +10 dark maul {vorpal}
     0 | D        | Found the +15 Maxwell's patent armour {-Cast -Tele rElec
                  | Will+ rCorr}
     0 | D        | Found the +18 shield of the Gong {rElec rN+ Will+ EV-5}
     0 | D        | Found the +14 obsidian axe {vorpal, Mesm Drain Fly SInv}
     0 | D        | Found the +7 great mace "Firestarter" {inner flame, rF++}
     0 | D        | Found the +6 shillelagh "Devastator" {shatter}
     0 | D        | Found the +11 plutonium sword {Contam Stlth-}
     0 | D        | Found the +8 lance "Wyrmbane" {slay drac, rPois rF+ rC+
                  | AC+3}
     0 | D        | Found the +9 sword of Zonguldrok {reap}
     0 | D        | Found the +13 scythe of Curses {drain, Drain}
     0 | D        | Found the +5 sword of Power {vorpal}
     0 | D        | Found the +7 mace of Variability {chain chaos}
     0 | D        | Found the +7 Singing Sword {vorpal, sonic wave}
     0 | D        | Found the +8 storm bow {elec, penet}
     2 | D        | Found a transporter.
     2 | D        | Found a viscous altar of Jiyva.
     2 | D        | Found a corrupted altar of Lugonu.
     2 | D        | Found a hazy altar of Hepliaklqana.
     2 | D        | Found a burning altar of Makhleb.
     2 | D        | Found an opulent altar of Gozag.
    77 | D        | Became a worshipper of Uskayaw the Reveller
   100 | D        | Reached skill level 5 in Fighting
   100 | D        | Reached skill level 5 in Evocations
   100 | D        | Reached XP level 2. HP: 28/28 MP: 0/0
   103 | D        | Entered arena 2.
   103 | D        | Noticed a deep elf archer
   103 | D        | Noticed a deep elf knight
   103 | D        | Found a transporter.
   107 | D        | Reached * piety under Uskayaw
   109 | D        | Killed a deep elf knight
   109 | D        | Reached ** piety under Uskayaw
   110 | D        | Reached skill level 7 in Fighting
   110 | D        | Reached skill level 5 in Short Blades
   110 | D        | Reached skill level 5 in Armour
   110 | D        | Reached skill level 5 in Invocations
   110 | D        | Reached XP level 3. HP: 37/37 MP: 0/0
   110 | D        | Learned a level 1 spell: Sting
   110 | D        | Reached XP level 4. HP: 43/43 MP: 0/0
   110 | D        | Reached XP level 5. HP: 48/48 MP: 0/0
   110 | D        | Learned a level 2 spell: Ensorcelled Hibernation
   110 | D        | Reached XP level 6. HP: 54/54 MP: 0/0
   110 | D        | Reached XP level 7. HP: 58/58 MP: 0/0
   110 | D        | Learned a level 3 spell: Frozen Ramparts
   111 | D        | Reached *** piety under Uskayaw
   116 | D        | Killed a deep elf archer
   116 | D        | Reached **** piety under Uskayaw
   117 | D        | Reached skill level 10 in Fighting
   117 | D        | Reached XP level 8. HP: 68/68 MP: 0/0
   119 | D        | Got the +1 cloak of the Other Side {Rampage rN+ Int-2
                  | Dex+6}
   135 | D        | Entered arena 3.
   135 | D        | Found a transporter.
   158 | D        | Entered arena 4.
   158 | D        | Found a transporter.
   204 | D        | Entered arena 5.
   204 | D        | Noticed a bone dragon
   204 | D        | Noticed a small abomination
   204 | D        | Found a transporter.
   211 | D        | Killed a small abomination
   229 | D        | Entered arena 6.
   229 | D        | Noticed an air elemental
   229 | D        | Noticed an air elemental
   229 | D        | Noticed an air elemental
   229 | D        | Noticed an air elemental
   229 | D        | Noticed an air elemental
   229 | D        | Found a transporter.
   229 | D        | Paralysed by an air elemental for 1 turns
   231 | D        | Paralysed by an air elemental for 1 turns
   231 | D        | HP: 3/68 [air elemental/stunning burst (8)]
   232 | D        | Killed from afar by an air elemental

Illustrated notes

Levels and vault maps discovered:
D:        sprint_v [room_start, room_1, room_2, room_3, room_4, room_5, room_6,
          room_7, room_8, room_9, room_10, room_11, room_12, room_13, room_14,
          room_15, room_16, room_17, room_18, room_19, room_20, room_21,
          room_22, room_23, room_24, room_25, room_26, room_27]

Skill      XL: |  1  2  3  4  5  6  7  8 |
---------------+-------------------------+-----
Fighting       | 5 7 10 | 10.0
Evocations     | 5 7 |  7.6
Short Blades   | 5 |  5.9
Armour         | 5 |  5.6
Spellcasting   | 4 6 8 |  8.2
Invocations    | 5 |  5.4

Action                   |  1- 3 |  4- 6 |  7- 9 || total
-------------------------+-------+-------+-------++-------
 Fire: Heavy crossbow    |       |       |    11 ||    11
 Cast: Animate Armour    |       |       |     3 ||     3
Invok: Stomp             |       |       |     1 ||     1
Evoke: Wand              |     3 |       |     3 ||     6
       Lightning rod     |       |       |     3 ||     3
  Use: Potion            |     1 |       |     4 ||     5
       Scroll            |     1 |       |     6 ||     7
Armor: Ring mail         |     1 |       |     3 ||     4
       Robe              |       |       |     4 ||     4
Dodge: Dodged            |       |       |    14 ||    14

Table legend: (Time is in decaauts)
 A = Elapsed time spent in this place.
 B = Non-inter-level travel time spent in this place.
 C = Inter-level travel time spent in this place.
 D = Time resting spent in this place.
 E = Time spent auto-exploring this place.
 F = Levels seen in this place.
 G = Mean time per level.
                   A        B        C        D        E       F      G
               +--------+--------+--------+--------+--------+-----+--------+
         Total |    248 |    248 |      0 |      0 |     47 |   1 |  248.0 |
       Dungeon |    248 |    248 |      0 |      0 |     47 |   1 |  248.0 |
               +--------+--------+--------+--------+--------+-----+--------+

Top non-repeatable levels by time:
       D: 248 daAuts
